 Dungeon Crawl Stone Soup version 0.30-a0-540-g0af01429fa (webtiles) character file.

Game seed: 16184953228226695271

27738 Newt the Nimble (level 13, -1/70 HPs)
             Began as a Kobold Hunter on Dec 25, 2022.
             Was a High Priest of Hepliaklqana.
             Slain by a komodo dragon (15 damage)
             ... on level 3 of the Lair of Beasts.
             The game lasted 00:19:09 (14561 turns).

Newt the Nimble (Kobold Hunter)                    Turns: 14561, Time: 00:19:10

Health: -1/70      AC: 12    Str:  9    XL:     13   Next: 68%
Magic:  20/20      EV: 26    Int: 18    God:    Hepliaklqana [*****.]
Gold:   492        SH:  5    Dex: 23    Spells: 12/12 levels left

rFire   . . .      SeeInvis +    F - +4 shortbow (flame)
rCold   . . .      Faith    .    (shield currently unavailable)
rNeg    . . .      Spirit   .    c - +0 leather armour
rPois   .          Reflect  +    r - +0 helmet of the Heavens {*Corrode rElec Int+4}
rElec   +          Harm     .    i - +1 cloak
rCorr   .          Rampage  .    g - +0 pair of gloves
Will    +....                    H - +2 pair of boots {Stlth+}
Stlth   +++++                    u - amulet of reflection
HPRegen 0.31/turn                h - ring of see invisible
MPRegen 0.17/turn                B - ring of willpower

@: no status effects
A: reduced essence, small, no large weapons, nightstalker 3, claws 1, agile 1,
clever 1
a: Renounce Religion, Recall Ancestor, Ancestor Identity, Transference, Idealise


You were on level 3 of the Lair of Beasts.
You worshipped Hepliaklqana.
Hepliaklqana was extremely pleased with you.
You visited 2 branches of the dungeon, and saw 14 of its levels.

You collected 560 gold pieces.
You spent 68 gold pieces at shops.

Inventory:

Hand Weapons
 a - a +0 shortbow of freezing
 F - a +4 shortbow of flaming (weapon)
Missiles
 l - 3 throwing nets
Armour
 c - a +0 leather armour (worn)
 g - a +0 pair of gloves (worn)
 i - a +1 cloak (worn)
 k - a +0 pair of boots
 r - the +0 helmet of the Heavens (worn) {*Corrode rElec Int+4}
   (You took it off Robin on level 3 of the Dungeon)

   Int:       It affects your intelligence (+4).
   rElec:     It insulates you from electricity.
   *Corrode:  It may corrode you when you take damage.
 H - a +2 pair of boots of stealth (worn)
 J - an orb of light
Jewellery
 h - a ring of see invisible (left hand)
 o - a ring of flight
 p - an amulet of regeneration
 s - a ring of fire
 u - an amulet of reflection (around neck)
 y - a ring of ice
 B - a ring of willpower (right hand)
Wands
 j - a wand of paralysis (8)
 A - a wand of light (15)
 C - a wand of digging (10)
 L - a wand of flame (18)
Scrolls
 b - 5 scrolls of immolation
 q - a scroll of poison
 t - 2 scrolls of amnesia
 w - 3 scrolls of teleportation
 z - 4 scrolls of magic mapping
 E - a scroll of enchant armour
 N - 4 scrolls of fog
Potions
 d - 3 potions of degeneration
 e - 3 potions of lignification
 f - 4 potions of curing
 m - 4 potions of might
 n - a potion of haste
 v - 2 potions of flight
 x - a potion of magic
 D - 2 potions of invisibility
 K - a potion of berserk rage
Miscellaneous
 G - a tin of tremorstones (2/2)
 I - a tin of tremorstones (2/2)


   Skills:
 - Level 8.0 Fighting
 - Level 14.0 Ranged Weapons
 - Level 8.0 Armour
 - Level 14.0 Dodging
 - Level 6.0 Stealth
 - Level 9.4 Invocations
 + Level 7.5 Evocations


You had 12 spell levels left.
You didn't know any spells.
Your spell library contained the following spells:

 Spells                   Type           Power      Damage    Failure   Level
 Beastly Appendage        Tmut           0%         N/A       28%         1
 Magic Dart               Conj           0%         1d3       28%         1
 Shock                    Conj/Air       0%         1d3       28%         1
 Blink                    Tloc           0%         N/A       41%         2
 Call Imp                 Summ           0%         N/A       41%         2
 Ensorcelled Hibernation  Hex/Ice        0%         N/A       41%         2
 Momentum Strike          Conj/Tloc      0%         3d8       41%         2
 Passwall                 Tmut/Erth      0%         N/A       41%         2
 Searing Ray              Conj           0%         2d4       41%         2
 Wereblood                Tmut           0%         N/A       41%         2
 Lesser Beckoning         Tloc           0%         N/A       65%         3
 Mephitic Cloud           Conj/Pois/Air  0%         N/A       65%         3
 Spider Form              Tmut/Pois      0%         N/A       65%         3
 Swiftness                Air            0%         N/A       65%         3
 Airstrike                Air            0%         2d(0-16)  96%         4
 Fulminant Prism          Conj/Hex       0%         3d5       96%         4
 Manifold Assault         Tloc           0%         N/A       96%         4
 Alistair's Intoxication  Tmut/Pois      0%         N/A       100%        5
 Borgnjor's Vile Clutch   Necr/Erth      0%         N/A       100%        5
 Dispersal                Tloc           0%         N/A       100%        6
 Eringya's Noxious Bog    Tmut/Pois      0%         N/A       100%        6
 Disjunction              Tloc           0%         N/A       100%        8


Dungeon Overview and Level Annotations

Branches:
Dungeon (10/15)            Temple (0/1) D:5            Lair (4/5) D:9
  Swamp (0/4) Lair:2        Snake (0/4) Lair:2
  Slime: Lair:4-5       Orc: D:9-12

Altars:
Gozag
Hepliaklqana
Makhleb
Qazlal
Ru
Trog
Uskayaw
Vehumet
Wu Jian
Yredelemnul
The Shining One

Shops:
D:4 *   D:6 (   D:7 *


Innate Abilities, Weirdness & Mutations

Your life essence is reduced to manifest your ancestor. (-10% HP)
You are small and have problems with some larger weapons.
You are completely attuned to the shadows.
You have sharp fingernails.
You are agile. (Dex +4, Str/Int -1)
Your mind is acute. (Int +4, Str/Dex -1)


Message History

The komodo dragon is heavily wounded.
Necuametl hits the elephant with a +0 flail!
You block the komodo dragon's attack.
Fire: F) +4 shortbow (flame)
Press: ? - help, Shift-Dir - straight line, f/p - komodo dragon
Aim: a komodo dragon (heavily wounded, ally target, 79% to hit)
You shoot an arrow. The arrow hits the komodo dragon!
The arrow burns the komodo dragon.
The komodo dragon is severely wounded.
Necuametl barely misses the elephant.
Fire: F) +4 shortbow (flame)
Press: ? - help, Shift-Dir - straight line, f/p - komodo dragon
Aim: a komodo dragon (severely wounded, ally target, 79% to hit)
You shoot an arrow.
The arrow barely misses the komodo dragon.
The arrow hits the elephant.
The arrow burns the elephant.
The elephant is almost dead.
The komodo dragon barely misses you.
Fire: F) +4 shortbow (flame)
Press: ? - help, Shift-Dir - straight line, f/p - komodo dragon
Aim: a komodo dragon (severely wounded, ally target, 79% to hit)
You shoot an arrow.
The arrow hits the komodo dragon but does no damage.
The komodo dragon is severely wounded.
You are no longer corroded.
Necuametl hits the elephant with a +0 flail.
The komodo dragon completely misses you.
Fire: F) +4 shortbow (flame)
Press: ? - help, Shift-Dir - straight line, f/p - komodo dragon
Aim: a komodo dragon (severely wounded, ally target, 79% to hit)
You shoot an arrow.
The arrow barely misses the komodo dragon.
The arrow hits the elephant but does no damage.
The elephant is almost dead.
Necuametl hits the elephant but does no damage.
The elephant tramples Necuametl!
Necuametl holds his ground!
The elephant trunk-slaps Necuametl but does no damage.
The komodo dragon hisses menacingly.
The komodo dragon bites you!
You die...

......P###..........##...##......
.....P## ##..........#..###......
.....## ##...........#.#.......
.....# ##............##.......
##P..# #.......<...########P'#
##.## ##.........#.# ###.# ##.#
###..#.##.### #.... #..#
#...##### ##.... #.## ###@lYR#
####.^##. ##.##
###.>#####.##+#.## #...##
######†+##.##........ ##...#
#..........##........ ##.###
#........#..+........ #..P#
#..........#......... ##..#
#.................... #..#
#.................>.. #..#
#..........##........


You could see the friendly Necuametl the knight, an elephant (distracted) and a
komodo dragon (ally target).

Vanquished Creatures
  The ghost of lotum the Cleaver, a novice FoFi of the Shining One (D:8)
  5 death yaks (Lair:2)
  Nergalle (Lair:2)
  The ghost of Encipher the Markskobold, a novice KoHu (D:8)
  Amaemon (D:8)
  Pikel (D:4)
  2 deep elf pyromancers
  A wizard (D:9)
  2 ugly things
  6 elephants
  A black mamba (Lair:2)
  Maggie (D:7)
  An orange demon (D:8)
  3 cane toads
  A kobold demonologist (D:7)
  3 komodo dragons
  A rime drake (Lair:2)
  3 polar bears
  A meliai (shapeshifter) (D:9)
  2 hornets (D:9)
  8 blink frogs
  A wraith (D:7)
  A vampire (D:9)
  3 wyverns
  A basilisk (Lair:2)
  17 yaks
  Menkaure (D:7)
  Duvessa (D:6)
  3 water moccasins
  2 sky beasts (D:7)
  An orc warrior (D:8)
  A black bear (D:6)
  2 centaurs
  A lemure (D:4)
  4 phantoms
  3 necrophages
  A gnoll sergeant (D:7)
  9 bullfrogs
  7 wights
  7 killer bees
  A howler monkey (D:4)
  6 hounds
  An orc priest (D:9)
  6 iguanas
  3 jellies
  Crazy Yiuf (D:7)
  A gnoll bouda (D:7)
  7 orc wizards
  A hound skeleton (D:7)
  Robin (D:3)
  9 adders
  A white imp (D:5)
  3 ufetubi
  2 worms
  2 dart slugs (D:2)
  17 orcs
  8 endoplasms
  A giant cockroach (D:2)
  17 hobgoblins
  4 jackals (D:1)
  8 kobolds
  2 quokkas (D:4)
  9 ball pythons
  6 bats
  6 frilled lizards
  12 goblins
  4 rats
251 creatures vanquished.

Vanquished Creatures (collateral kills)
  A hydra (Lair:3)
  A cyclops (D:9)
  4 elephants (Lair:3)
  A yaktaur (shapeshifter) (D:9)
  A troll (D:9)
  A hornet (D:9)
  2 blink frogs (Lair:3)
  A wyvern (Lair:2)
  3 yaks
  A basilisk (Lair:2)
  5 water moccasins
  A sky beast (D:7)
  An orc warrior (D:9)
  A kobold brigand (D:9)
  A bullfrog (D:9)
  3 wights
  Dowan (D:6)
  3 killer bees
  A howler monkey (D:7)
  2 hounds (D:6)
  An orc priest (D:6)
  An iguana (D:6)
  3 orc wizards
  A shadow imp (D:7)
  2 orcs
  2 kobolds (D:9)
45 creatures vanquished.

Vanquished Creatures (others)
  2 ancestors (D:7)
  9 knights
  14 fungi
  10 plants
35 creatures vanquished.

Grand Total: 331 creatures vanquished

Notes
Turn   | Place    | Note
-------+----------+-------------------------------------------
     0 | D:1      | Newt the Kobold Hunter began the quest for the Orb.
     0 | D:1      | Reached XP level 1. HP: 12/12 MP: 1/1
   126 | D:1      | Reached XP level 2. HP: 14/17 MP: 2/2
   833 | D:2      | Reached XP level 3. HP: 21/21 MP: 3/3
  1129 | D:2      | Reached XP level 4. HP: 26/26 MP: 4/4
  1761 | D:3      | Identified the +0 helmet of the Heavens {*Corrode rElec
                  | Int+4}
  1761 | D:3      | Noticed Robin
  1771 | D:3      | Killed Robin
  2245 | D:3      | Reached XP level 5. HP: 30/30 MP: 5/5
  2691 | D:3      | Found a faded altar of an unknown god.
  2812 | D:4      | Noticed a centaur
  2823 | D:4      | Killed a centaur
  2824 | D:4      | Reached XP level 6. HP: 35/35 MP: 6/6
  2826 | D:4      | Reached skill level 5 in Dodging
  2841 | D:4      | Reached XP level 7. HP: 43/43 MP: 7/7
  2946 | D:4      | Found a hazy altar of Hepliaklqana.
  2999 | D:4      | Became a worshipper of Hepliaklqana the Forgotten
  3008 | D:4      | Noticed Pikel
  3040 | D:4      | Killed Pikel
  3041 | D:4      | Reached XP level 8. HP: 36/48 MP: 8/8
  3367 | D:4      | Found Fuivapt's Assorted Antiques.
  3372 | D:4      | Bought a scroll of identify for 68 gold pieces
  3600 | D:5      | Entered Level 5 of the Dungeon
  3958 | D:5      | Reached skill level 10 in Ranged Weapons
  4249 | D:5      | Found a staircase to the Ecumenical Temple.
  4291 | D:5      | Gained mutation: Your mind is acute. (Int +4, Str/Dex -1)
                  | [potion of mutation]
  4292 | D:5      | Lost mutation: Your mind is acute. (Int +4, Str/Dex -1)
                  | [potion of mutation]
  4292 | D:5      | Gained mutation: Your flesh is heat resistant. (rF+)
                  | [potion of mutation]
  4292 | D:5      | Gained mutation: You have hidden genetic defects. [potion
                  | of mutation]
  4293 | D:5      | Lost mutation: You have hidden genetic defects. [potion of
                  | mutation]
  4293 | D:5      | Lost mutation: Your flesh is heat resistant. (rF+) [potion
                  | of mutation]
  4293 | D:5      | Gained mutation: You have sharp fingernails. [potion of
                  | mutation]
  4293 | D:5      | Gained mutation: Your mind is acute. (Int +4, Str/Dex -1)
                  | [potion of mutation]
  4293 | D:5      | Gained mutation: You are agile. (Dex +4, Str/Int -1)
                  | [potion of mutation]
  4407 | D:5      | Found a bloodstained altar of Trog.
  4563 | D:5      | Found a radiant altar of Vehumet.
  4563 | D:5      | Found a glowing golden altar of the Shining One.
  4648 | D:6      | Found Vawidiep's Weapon Emporium.
  4655 | D:6      | Found a sacrificial altar of Ru.
  4656 | D:6      | Found an ornate altar of the Wu Jian Council.
  4656 | D:6      | Found a stormy altar of Qazlal.
  4658 | D:6      | Found a basalt altar of Yredelemnul.
  4680 | D:6      | Reached * piety under Hepliaklqana
  4686 | D:5      | Reached XP level 9. HP: 45/46 MP: 9/9
  4858 | D:6      | Reached skill level 10 in Dodging
  4893 | D:6      | Reached skill level 1 in Armour
  5192 | D:6      | Found a hide-covered altar of Uskayaw.
  5219 | D:6      | Noticed Duvessa
  5222 | D:6      | Noticed Dowan
  5237 | D:6      | Killed Duvessa
  5239 | D:6      | Killed Dowan
  5526 | D:7      | Found Goret's General Store.
  5797 | D:7      | Noticed Maggie
  5819 | D:7      | Killed Maggie
  5820 | D:7      | Reached skill level 5 in Armour
  5920 | D:7      | Reached XP level 10. HP: 50/50 MP: 11/11
  5950 | D:7      | Reached skill level 5 in Invocations
  5950 | D:7      | Reached skill level 1 in Evocations
  5960 | D:7      | Noticed a kobold demonologist
  5967 | D:7      | Noticed a rust devil
  5972 | D:7      | Killed a kobold demonologist
  5984 | D:7      | Reached skill level 5 in Evocations
  5993 | D:7      | Noticed a deep elf pyromancer
  6002 | D:7      | Killed a deep elf pyromancer
  6009 | D:7      | Noticed a brown ugly thing
  6198 | D:7      | Killed a brown ugly thing
  6199 | D:7      | Reached skill level 5 in Fighting
  6346 | D:7      | Reached ** piety under Hepliaklqana
  6347 | D:7      | Remembered your ancestor Necuametl as a knight
  6505 | D:7      | Found a burning altar of Makhleb.
  6559 | D:7      | Noticed Menkaure
  6565 | D:7      | Killed Menkaure
  6920 | D:7      | Found a runed translucent door.
  6923 | D:7      | Noticed Crazy Yiuf
  6926 | D:7      | Killed Crazy Yiuf
  7078 | D:8      | Identified the +1 buckler "Muntag" {rN+ Int+4 Dex+3 SInv}
  7088 | D:8      | Found a runed translucent gate.
  7089 | D:8      | Found a runed translucent gate.
  7091 | D:8      | Found a runed translucent gate.
  7160 | D:8      | Reached XP level 11. HP: 60/60 MP: 14/14
  7668 | D:8      | Noticed Amaemon
  7681 | D:8      | Killed Amaemon
  7836 | D:8      | Noticed Encipher's ghost (novice KoHu)
  7836 | D:8      | Noticed lotum's ghost (novice FoFi)
  7885 | D:8      | Killed lotum's ghost
  7893 | D:8      | Killed Encipher's ghost
  8115 | D:9      | Found a staircase to the Lair.
  8122 | D:9      | Reached *** piety under Hepliaklqana
  9088 | D:9      | Noticed a deep elf pyromancer
  9099 | D:9      | Noticed a green ugly thing
  9103 | D:9      | Killed a deep elf pyromancer
  9108 | D:9      | Identified the +7 flail of the Evil Eye {freeze, rF- rC+++
                  | Dex+6}
  9109 | D:9      | Killed a green ugly thing
  9115 | D:9      | Noticed a wizard
  9122 | D:9      | Noticed a cyclops
  9122 | D:9      | Killed a wizard
  9123 | D:9      | Reached XP level 12. HP: 57/65 MP: 15/15
  9263 | D:10     | Entered Level 10 of the Dungeon
  9300 | Lair:1   | Entered Level 1 of the Lair of Beasts
  9999 | Lair:1   | Found an opulent altar of Gozag.
 10199 | Lair:1   | Reached **** piety under Hepliaklqana
 10704 | Lair:2   | Noticed a death yak
 10705 | Lair:2   | Noticed a death yak
 10721 | Lair:2   | Noticed a death yak
 10726 | Lair:2   | Noticed a death yak
 10727 | Lair:2   | Killed a death yak
 11130 | Lair:3   | Noticed a six-headed hydra
 11135 | Lair:3   | Killed a six-headed hydra
 12080 | Lair:3   | Reached XP level 13. HP: 46/70 MP: 19/19
 12558 | Lair:2   | Found a staircase to the Snake Pit.
 12583 | Lair:2   | Reached ***** piety under Hepliaklqana
 12589 | Lair:2   | Identified the +7 great sword of Conscience {vorpal, *Noise
                  | rElec SInv}
 12590 | Lair:2   | Found a staircase to the Swamp.
 12870 | Lair:2   | Noticed Nergalle
 12885 | Lair:2   | Killed Nergalle
 14561 | Lair:3   | Slain by a komodo dragon

Illustrated notes

Levels and vault maps discovered:
D:1:      dpeg_arrival_ternary, layout_rooms, roderic_lattice_a
D:2:      layout_basic
D:3:      layout_basic, hellmonk_ecumenical_altar_blasted, uniq_robin
D:4:      minmay_bubble_buster, layout_basic, old_standard_altar, serial_shops,
          nicolae_diamond_shop, st_stairs_10, uniq_pikel
D:5:      layout_rooms, gammafunk_temple_overflow_wave, trog_book,
          minmay_temple_entry_hall, st_stairs_6, corexii_leaking_fountain
D:6:      minmay_skewed_foursquare, layout_basic, mainiacjoe_overflow_boulevard,
          chequers_temple_overflow_statue_of_worship, serial_shops,
          nicolae_diamond_shop, serial_glass, glass_columns_b, glass_columns_a,
          uniq_duvessa
D:7:      nzn_winding_woodlands_three_and_one
          [nzn_winding_woodlands_5x15_longhouse,
          nzn_winding_woodlands_5x15_zeroes, nzn_winding_woodlands_5x15_pool,
          nzn_winding_woodlands_center_pierced_h], layout_basic,
          makhleb_blood_cavern_becter, serial_shops, nicolae_stop_n_shop_2,
          uniq_maggie, uniq_menkaure, uniq_crazy_yiuf_cottage
D:8:      layout_loops_ring, gammafunk_ghost_cemetery, uniq_amaemon
D:9:      minmay_the_grid_triangle_9x9_rhombus_thin
          [minmay_the_grid_triangle_9x9_swiss_cheese,
          minmay_the_grid_triangle_9x9_prize_insulated,
          minmay_the_grid_triangle_9x9_limited_checkers,
          minmay_the_grid_triangle_9x9_steps], layout_basic, dpeg_oklobed_lair
D:10:     layout_roguey
Lair:1:   layout_layer_cave, basic_altar, infiniplex_staircase_pool_2,
          grunt_megastairs_3
Lair:2:   layout_layer_cave, swamp_mist, dummy_snake_entry, st_stairs_11,
          grunt_megastairs_1, lemuel_fruit_tree, uniq_nergalle
Lair:3:   layout_roguey
Lair:4:   layout_big_grid, beast_lair_carwin_1

Skill      XL: |  1  2  3  4  5  6  7  8  9 10 11 12 13 |
---------------+----------------------------------------+-----
Ranged Weapons | 6 7 8 10 14 | 14.0
Dodging        | 4 5 7 8 10 14 | 14.0
Fighting       | 4 7 8 |  8.0
Stealth        | 4 6 |  6.0
Armour         | 5 8 |  8.0
Invocations    | 2 5 8 9 |  9.4
Evocations     | 5 7 |  7.5

Action                   |  1- 3 |  4- 6 |  7- 9 | 10-12 | 13-15 || total
-------------------------+-------+-------+-------+-------+-------++-------
Melee: Shortbow          |       |       |       |     1 |       ||     1
 Fire: Shortbow          |    83 |   107 |   311 |   595 |   238 ||  1334
Invok: Ancestor Life: Kn |       |       |       |     1 |       ||     1
Evoke: Wand              |       |       |       |     2 |     2 ||     4
  Use: Scroll            |     2 |       |    15 |     4 |     2 ||    23
       Potion            |       |       |     5 |     4 |     5 ||    14
Armor: Leather armour    |    15 |    22 |    33 |    57 |    18 ||   145
       Skin              |       |       |       |     3 |       ||     3
Dodge: Dodged            |    37 |    81 |   191 |   384 |   140 ||   833
Block: Other             |       |       |       |    32 |    30 ||    62

Table legend: (Time is in decaauts)
 A = Elapsed time spent in this place.
 B = Non-inter-level travel time spent in this place.
 C = Inter-level travel time spent in this place.
 D = Time resting spent in this place.
 E = Time spent auto-exploring this place.
 F = Levels seen in this place.
 G = Mean time per level.
                   A        B        C        D        E       F      G
               +--------+--------+--------+--------+--------+-----+--------+
         Total |  14583 |  14058 |    525 |   2572 |   9409 |  14 | 1041.6 |
       Dungeon |   9363 |   8944 |    419 |    866 |   6534 |  10 |  936.3 |
          Lair |   5220 |   5114 |    106 |   1705 |   2875 |   4 | 1305.0 |
               +--------+--------+--------+--------+--------+-----+--------+

Top non-repeatable levels by time:
  Lair:2: 2068 daAuts
  Lair:3: 1798 daAuts
     D:7: 1472 daAuts
  Lair:1: 1344 daAuts
     D:9: 1321 daAuts
     D:3: 1264 daAuts
     D:5: 1208 daAuts
     D:8: 982 daAuts
     D:2: 830 daAuts
     D:4: 814 daAuts
     D:1: 737 daAuts
     D:6: 730 daAuts
  Lair:4: 9 daAuts
    D:10: 1 daAuts
